 Dungeon Crawl Stone Soup version 0.27.1-34-g3ba077fa99 (webtiles) character file.

Game seed: 8938597671921214759

36211 comborobin the Jinx (level 13, -7/93 HPs)
             Began as a Vampire Delver on Jan 6, 2022.
             Was the Champion of Cheibriados.
             Mangled by an orc warlord (41 damage)
             ... on level 1 of the Orcish Mines on Jan 8, 2022.
             The game lasted 00:42:40 (16744 turns).

comborobin the Jinx (Vampire Delver)               Turns: 16744, Time: 00:42:41

Health: -7/93      AC: 22    Str: 29    XL:     13   Next: 51%
Magic:  22/22      EV: 21    Int: 38    God:    Cheibriados [******]
Gold:   972        SH:  0    Dex: 32    Spells: 10/24 levels left

rFire    + + +     SeeInvis +   b - +1 rapier (vamp)
rCold    . . .     Faith    .   (no shield)
rNeg     . . .     Spirit   .   N - +5 ring mail of the Spheres {Int+5}
rPois    +         Reflect  .   v - +2 helmet {Int+3}
rElec    .         Harm     .   e - +2 cloak
rCorr    .         Rampage  .   s - +0 pair of gloves
Will     +....                  Y - +1 pair of boots
Stlth    +++++.....             K - amulet "Cusa" {RegenMP *Slow rPois rF+++ Slay+5}
HPRegen  0.45/turn              j - ring of poison resistance
MPRegen  0.43/turn              B - ring of wizardry

@: very slightly contaminated, healing quickly, invisible, very slow
A: alive, fangs 3, see invisible, vampiric 2, talons 1, clever 1, poison
resistance, shaggy fur 1
a: Exsanguinate, Renounce Religion, Bend Time, Temporal Distortion, Slouch, Step
From Time


You were on level 1 of the Orcish Mines.
You worshipped Cheibriados.
Cheibriados was exalted by your worship.
You visited 4 branches of the dungeon, and saw 18 of its levels.
You also visited: Gauntlet.

You collected 972 gold pieces.

Inventory:

Hand Weapons
 a - a +2 battleaxe of flaming
 b - a +1 vampiric rapier (weapon)
 o - a +3 hand axe of venom
 I - a +0 great mace
 R - a +2 dagger of flaming
Armour
 e - a +2 cloak (worn)
 s - a +0 pair of gloves (worn)
 v - a +2 helmet of intelligence (worn)
 z - a +0 kite shield
 C - the +0 leather armour of Free Expression {rF+ Regen+ Str+4 Slay-6}
   (You found it on level 6 of the Dungeon)

   Str:       It affects your strength (+4).
   Slay:      It affects your accuracy & damage with ranged weapons and melee
   (-6).
   rF:        It protects you from fire.
   Regen:     It increases your rate of health regeneration.
 D - a +1 troll leather armour
 N - the +5 ring mail of the Spheres (worn) {Int+5}
   (You found it on level 10 of the Dungeon)

   Int:       It affects your intelligence (+5).
 T - a scarf of resistance
 Y - a +1 pair of boots (worn)
Magical Staves
 V - a staff of air
Jewellery
 j - a ring of poison resistance (left hand)
 w - a ring of willpower
 A - a ring of resist corrosion
 B - a ring of wizardry (right hand)
 G - an amulet of magic regeneration
 J - an amulet of reflection
 K - the amulet "Cusa" (around neck) {RegenMP *Slow rPois rF+++ Slay+5}
   (You found it on level 9 of the Dungeon)

   [amulet of magic regeneration]

   It increases your rate of magic regeneration.
   Slay:      It affects your accuracy & damage with ranged weapons and melee
   (+5).
   rF:        It renders you almost immune to fire.
   rPois:     It protects you from poison.
   *Slow:     It may slow you when you take damage.
Wands
 f - a wand of digging (7)
 g - a wand of flame (34)
 h - a wand of polymorph (15)
 k - a wand of charming (10)
 y - a wand of acid (17)
 U - a wand of iceblast (19)
Scrolls
 c - 4 scrolls of magic mapping
 d - 4 scrolls of fear
 i - 9 scrolls of identify
 p - 3 scrolls of enchant armour
 q - 3 scrolls of fog
 r - a scroll of immolation
 t - a scroll of holy word
 u - 4 scrolls of teleportation
 E - a scroll of brand weapon
 F - 2 scrolls of blinking
 L - a scroll of enchant weapon
 Z - a scroll of amnesia
Potions
 l - 2 potions of heal wounds
 m - 9 potions of ambrosia
 n - 5 potions of curing
 x - 3 potions of flight
 H - a potion of magic
 M - a potion of brilliance
 P - a potion of cancellation
 Q - a potion of lignification
 S - a potion of degeneration


   Skills:
 - Level 6.1 Fighting
 - Level 6.4 Short Blades
 + Level 9.6 Axes
 + Level 5.2 Armour
 + Level 9.1 Dodging
 - Level 10.4 Stealth
 - Level 5.3 Unarmed Combat
 - Level 6.0 Spellcasting
 - Level 10.6 Hexes
 - Level 3.5 Translocations
 - Level 3.5 Transmutations
 - Level 4.9 Air Magic
 - Level 4.9 Invocations
 - Level 5.7 Evocations


You had 10 spell levels left.
You knew the following spells:

 Your Spells              Type           Power      Damage    Failure   Level
A - Apportation           Tloc           76%        N/A       1%          1
R - Storm Form            Tmut/Air       21%        N/A       91%         7
Z - Invisibility          Hex            37%        N/A       3%          6

Your spell library contained the following spells:

 Spells                   Type           Power      Damage    Failure   Level
 Summon Small Mammal      Summ           44%        N/A       1%          1
 Blink                    Tloc           N/A        N/A       1%          2
 Summon Guardian Golem    Hex/Summ       51%        N/A       1%          3
 Sublimation of Blood     Necr           5%         N/A       2%          2
 Call Canine Familiar     Summ           11%        N/A       5%          3
 Summon Lightning Spire   Summ/Air       30%        N/A       6%          4
 Petrify                  Tmut/Erth      25%        N/A       9%          4
 Manifold Assault         Tloc           38%        N/A       11%         5
 Alistair's Intoxication  Tmut/Pois      16%        N/A       22%         5
 Irradiate                Conj/Tmut      12%        3d18      22%         5
 Iskenderun's Battlesphe  Conj           11%        2d7       41%         5
 Conjure Ball Lightning   Conj/Air       15%        3x3d6     65%         6
 Discord                  Hex            37%        N/A       77%         8
 Iron Shot                Conj/Erth      5%         9d2       92%         6
 Spellforged Servitor     Conj/Summ      5%         N/A       100%        7
 Disjunction              Tloc           19%        N/A       100%        8
 Maxwell's Capacitive Co  Air            24%        ∞         100%        8


Dungeon Overview and Level Annotations

Branches:
Dungeon (14/15)            Temple (1/1) D:7            Lair (3/6) D:11
  Snake (0/4) Lair:2          Orc (2/2) D:12            Elf (0/3) Orc:2
Gauntlet (visited)
  Swamp: Lair:2-4    Shoals: Lair:2-4    Vaults: D:13-14

Altars:
Ashenzari
Cheibriados
Dithmenos
Elyvilon
Fedhas
Gozag
Hepliaklqana
Kikubaaqudgha
Makhleb
Nemelex Xobeh
Okawaru
Qazlal
Ru
Trog
Uskayaw
Vehumet
Wu Jian
Xom
Yredelemnul
The Shining One
Beogh

Shops:
D:10 ?   Orc:1 :

Annotations:
D:5 3 runed translucent doors, unlimited1921's ghost, novice DjFE
D:9 exclusion: door
D:10 exclusion: obsidian statue
D:12 exclusion: downstairs


Innate Abilities, Weirdness & Mutations

Your natural rate of healing is accelerated.
You have razor-sharp teeth.
You have supernaturally acute eyesight. (SInv)
You are afflicted with vampirism and can become a bat while bloodless.
You have sharp toenails.
Your mind is acute. (Int +2)
Your system is resistant to poisons. (rPois)
You are covered in fur. (AC +1)


Message History

The orc warrior barely misses you. The orc warrior closely misses you.
The orc warrior misses you.
You climb upwards.
There is a stone staircase leading down here.
Unknown command.
Unknown command.
Unknown command.
You catch the helpless orc warlord completely off-guard!
You impale the orc warlord!!
The orc warlord is moderately wounded.
The orc warrior misses you.
Unknown command.
Unknown command.
You hit the orc warlord.
You feel better.
The orc warlord is moderately wounded.
The orc warrior hits you with a +0 war axe!!
The orc warrior barely misses you. The orc warrior closely misses you.
Unknown command.
Unknown command.
You puncture the orc warlord!
You feel better.
You bite the orc warlord.
The orc warlord is heavily wounded.
The orc warrior completely misses you. The orc knight closely misses you.
The orc warrior closely misses you. The orc warlord closely misses you.
Unknown command.
Unknown command.
You puncture the orc knight!
You feel better.
You bite the orc knight, but do no damage.
The orc knight is lightly wounded.
The orc warrior misses you. The orc warrior barely misses you.
The orc warrior hits you with a +0 war axe!
* * * LOW HITPOINT WARNING * * *
Unknown command.
Unknown command.
You catch the helpless orc warrior completely off-guard!
You impale the orc warrior!!
You feel better.
You kill the orc warrior!
Cheibriados thoroughly appreciates the change of pace.
The orc warrior no longer looks unusually strong.
The orc warlord hits you with a +4 dire flail of draining!!!
You die...

#≈≈≈.≈≈≈....##
##≈≈.≈≈....##
#.....).####
##....))..#.##
##.#..[.......#
#............##
##..........##
#.....o[.....##
##....)@o.....#
###.o.o.....##
##............##
#..............##
##..............#
#......#..##...##
##.......#######
#..........#.##
##............#


You could see an orc warlord (strong), an orc knight and 2 orc warriors.

Vanquished Creatures
  A minotaur (Gauntlet)
  2 boulder beetles (D:12)
  2 hydras
  2 centaur warriors
  4 two-headed ogres (D:13)
  A death knight (D:12)
  An orc knight (Orc:1)
  A deep elf pyromancer (D:12)
  A necromancer (Lair:3)
  A manticore (D:12)
  4 ugly things
  2 orc sorcerers (Orc:2)
  A cyclops (D:13)
  6 black mambas
  3 centaur zombies (D:11)
  3 gargoyles
  2 cane toads
  A minotaur zombie (Gauntlet)
  A rime drake (Lair:2)
  2 komodo dragons (D:13)
  3 kobold demonologists
  A queen bee (Lair:2)
  5 trolls
  A polar bear (Lair:1)
  A tyrant leech (Gauntlet)
  4 slime creatures
  4 blink frogs (Lair:2)
  A vampire (D:11)
  3 large abominations (Gauntlet)
  2 wyverns
  3 wraiths
  23 yaks
  Eustachio (D:6)
  2 basilisks
  A fire bat (D:11)
  2 vampire mosquitoes (D:12)
  2 steam dragons (D:6)
  A warg (Orc:2)
  3 swamp worms (Gauntlet)
  13 water moccasins
  13 orc warriors
  A sky beast (D:5)
  An ice beast (D:8)
  8 necrophages
  4 ogres
  A centaur (D:10)
  A phantom (D:5)
  A kobold brigand (D:7)
  3 bullfrogs
  A gnoll sergeant (D:11)
  2 scorpions
  5 small abominations (Gauntlet)
  A water moccasin zombie (D:7)
  2 water moccasin skeletons
  32 killer bees
  13 wights
  6 electric eels (D:7)
  A howler monkey (D:7)
  A jelly (D:8)
  9 orc priests
  A bullfrog skeleton (D:6)
  A gnoll shaman (D:6)
  3 iguanas
  8 orc wizards
  A yak simulacrum (Lair:3)
  5 polar bear simulacra (Lair:3)
  2 wolf simulacra (Lair:3)
  A mummy (D:11)
  3 howler monkey zombies
  10 gnolls
  5 adders
  A white imp (D:6)
  2 ufetubi
  49 orcs
  3 bats (Orc:2)
  An endoplasm (D:4)
  A giant cockroach (D:4)
  2 goblins (D:4)
  9 kobolds
  3 quokkas
  8 frilled lizards
  3 river rat simulacra (Lair:3)
345 creatures vanquished.

Vanquished Creatures (others)
  A deep elf pyromancer (D:7)
  7 fungi
  21 plants
  2 withered plants (D:11)
31 creatures vanquished.

Grand Total: 376 creatures vanquished

Notes
Turn   | Place    | Note
-------+----------+-------------------------------------------
     0 | D:5      | comborobin the Vampire Delver began the quest for the Orb.
     0 | D:5      | Reached XP level 1. HP: 17/17 MP: 1/1
   605 | D:5      | Found a runed translucent gate.
   606 | D:5      | Found a runed translucent gate.
   606 | D:5      | Identified the +1 ring mail "Kaguck" {rElec rPois Int+4}
   606 | D:5      | Noticed an orc priest
   606 | D:5      | Noticed unlimited1921's ghost (novice DjFE)
   607 | D:5      | Found a runed translucent gate.
   652 | D:4      | Found an opulent altar of Gozag.
   660 | D:3      | Reached skill level 1 in Axes
   660 | D:3      | Reached XP level 2. HP: 19/20 MP: 2/2
   705 | D:3      | Noticed an ogre
   718 | D:3      | Killed an ogre
   719 | D:3      | Gained mutation: You are afflicted with vampirism and can
                  | become a bat while bloodless. [Vampire growth]
   719 | D:3      | Reached XP level 3. HP: 24/28 MP: 3/3
   719 | D:3      | Reached XP level 4. HP: 29/34 MP: 4/4
   778 | D:3      | Reached XP level 5. HP: 29/39 MP: 5/5
  1393 | D:4      | Found a basalt altar of Yredelemnul.
  1619 | D:4      | Reached skill level 5 in Axes
  2002 | D:5      | Noticed a phantom
  2007 | D:5      | Noticed a necrophage
  2024 | D:5      | Killed a necrophage
  2025 | D:5      | Reached XP level 6. HP: 7/44 MP: 6/6
  2370 | D:5      | Found a stormy altar of Qazlal.
  2418 | D:5      | Noticed a sky beast
  2437 | D:5      | Killed a sky beast
  2438 | D:5      | Reached XP level 7. HP: 28/51 MP: 7/7
  3100 | D:5      | Reached skill level 1 in Evocations
  3172 | D:6      | Noticed a steam dragon
  3178 | D:6      | Killed a steam dragon
  3474 | D:6      | Identified the +0 leather armour of Free Expression {rF+
                  | Regen+ Str+4 Slay-6}
  3525 | D:6      | Reached XP level 8. HP: 48/57 MP: 8/8
  3984 | D:6      | Noticed a troll
  4125 | D:6      | Killed a troll
  4231 | D:6      | Noticed Eustachio
  4279 | D:6      | Reached skill level 5 in Evocations
  4354 | D:6      | Killed Eustachio
  4996 | D:7      | Reached XP level 9. HP: 55/65 MP: 9/9
  5321 | D:7      | Noticed a deep elf pyromancer
  5329 | D:7      | Killed a deep elf pyromancer
  5459 | D:7      | Reached skill level 1 in Armour
  5715 | D:7      | Found a staircase to the Ecumenical Temple.
  5885 | Temple   | Entered the Ecumenical Temple
  6043 | Temple   | Became a worshipper of Cheibriados the Contemplative
  6333 | D:7      | Reached skill level 5 in Dodging
  6566 | D:8      | Found a burning altar of Makhleb.
  7174 | D:8      | Learned a level 6 spell: Invisibility
  7404 | D:8      | Reached skill level 1 in Hexes
  7418 | D:9      | Reached * piety under Cheibriados
  7447 | D:9      | Reached skill level 1 in Spellcasting
  7500 | D:9      | Noticed a cyclops
  7564 | D:9      | Identified the amulet "Cusa" {RegenMP *Slow rPois rF+++
                  | Slay+5}
  7581 | D:9      | Noticed a troll
  7589 | D:9      | Killed a troll
  7639 | D:9      | Reached skill level 5 in Hexes
  7746 | D:9      | Noticed Maurice
  7748 | D:9      | Noticed Maurice
  7748 | D:9      | Maurice changed into Maurice the ogre
  7754 | D:9      | Killed Maurice the ogre
  7999 | D:9      | Reached XP level 10. HP: 62/70 MP: 14/14
  8293 | D:10     | Entered Level 10 of the Dungeon
  8365 | D:10     | Noticed an obsidian statue
  8410 | D:10     | Learned a level 1 spell: Apportation
  8628 | D:10     | Reached ** piety under Cheibriados
  8639 | D:10     | Identified the +5 ring mail of the Spheres {Int+5}
  8815 | D:10     | Found Onoedafo's Magic Scroll Shoppe.
  8981 | D:11     | Found a staircase to the Lair.
  9099 | D:11     | Reached skill level 1 in Invocations
  9401 | D:11     | Reached skill level 10 in Hexes
  9555 | D:11     | Learned a level 7 spell: Storm Form
  9711 | D:11     | Reached *** piety under Cheibriados
 10135 | D:11     | Reached skill level 1 in Transmutations
 10141 | D:11     | Reached skill level 5 in Fighting
 10141 | D:11     | Reached XP level 11. HP: 69/79 MP: 18/18
 10396 | D:12     | Reached skill level 1 in Air Magic
 10455 | D:12     | Reached skill level 5 in Spellcasting
 10785 | D:12     | Noticed a deep elf pyromancer
 10795 | D:12     | Killed a deep elf pyromancer
 10841 | D:12     | Noticed a six-headed hydra
 10856 | D:12     | Killed a six-headed hydra
 11001 | D:12     | Noticed a white ugly thing
 11091 | D:12     | Killed a white ugly thing
 11250 | D:12     | Found a blossoming altar of Fedhas.
 11258 | D:12     | Gained mutation: You are agile. (Dex +2) [potion of
                  | mutation]
 11258 | D:12     | Gained mutation: You are covered in fur. (AC +1) [potion of
                  | mutation]
 11258 | D:12     | Gained mutation: You occasionally shout uncontrollably at
                  | your foes. [potion of mutation]
 11259 | D:12     | Lost mutation: You are agile. (Dex +2) [potion of mutation]
 11259 | D:12     | Lost mutation: You occasionally shout uncontrollably at
                  | your foes. [potion of mutation]
 11259 | D:12     | Gained mutation: Your system is resistant to poisons.
                  | (rPois) [potion of mutation]
 11259 | D:12     | Gained mutation: Your mind is acute. (Int +2) [potion of
                  | mutation]
 11304 | D:12     | Noticed a white ugly thing
 11348 | D:12     | Killed a red ugly thing
 11382 | D:12     | Found a staircase to the Orcish Mines.
 11762 | D:12     | Noticed a boulder beetle
 11772 | D:12     | Reached skill level 1 in Short Blades
 11782 | D:12     | Killed a boulder beetle
 11952 | D:13     | Noticed a two-headed ogre
 11952 | D:13     | Noticed a green ugly thing
 11953 | D:13     | Noticed a centaur warrior
 11953 | D:13     | Noticed a green ugly thing
 11954 | D:13     | Noticed a death knight
 12002 | D:12     | Killed a white ugly thing
 12003 | D:12     | Reached skill level 1 in Translocations
 12007 | D:12     | Killed a centaur warrior
 12013 | D:12     | Reached **** piety under Cheibriados
 12052 | D:13     | Killed a two-headed ogre
 12232 | D:13     | Killed a green ugly thing
 12325 | D:12     | Reached XP level 12. HP: 78/87 MP: 14/20
 12492 | D:12     | Gained mutation: You have sharp toenails. [mutagenic glow]
 12594 | D:12     | Killed a death knight
 12777 | D:13     | Noticed a two-headed ogre
 12788 | D:13     | Killed a two-headed ogre
 12789 | D:13     | Noticed a two-headed ogre
 12790 | D:13     | Noticed a centaur warrior
 12796 | D:13     | Killed a centaur warrior
 12805 | D:13     | Killed a two-headed ogre
 12806 | D:13     | Reached skill level 5 in Unarmed Combat
 12863 | D:13     | Noticed a two-headed ogre
 12864 | D:13     | Noticed a boulder beetle
 12875 | D:13     | Killed a two-headed ogre
 12886 | D:12     | Killed a boulder beetle
 13326 | Lair:1   | Entered Level 1 of the Lair of Beasts
 13347 | Lair:1   | Found a gate leading to a gauntlet.
 13387 | Gauntlet | Entered a Gauntlet
 13387 | Gauntlet | Found a transporter.
 13397 | Gauntlet | Found a transporter.
 13398 | Gauntlet | Found a transporter.
 13415 | Gauntlet | Found a transporter.
 13433 | Gauntlet | Found a transporter.
 13444 | Gauntlet | Noticed an entropy weaver
 13449 | Gauntlet | Found a transporter.
 13459 | Gauntlet | Found a transporter.
 13476 | Gauntlet | Found a transporter.
 13480 | Gauntlet | Found a transporter.
 13480 | Gauntlet | Noticed a ghost crab
 13488 | Gauntlet | Found a transporter.
 13516 | Gauntlet | Found a transporter.
 13516 | Gauntlet | Found a transporter.
 13807 | Gauntlet | Reached skill level 5 in Short Blades
 13841 | Gauntlet | Identified the +10 spear of the Seven Bounties {speed,
                  | Will+}
 13901 | Gauntlet | Identified the +8 arbalest of Edaqi {venom, Dex+3}
 13901 | Gauntlet | Noticed a minotaur
 13910 | Gauntlet | Killed a minotaur
 13911 | Gauntlet | Reached skill level 10 in Stealth
 13929 | Gauntlet | Reached ***** piety under Cheibriados
 14693 | Lair:1   | Reached XP level 13. HP: 62/93 MP: 22/22
 15054 | Lair:2   | Found a staircase to the Snake Pit.
 16032 | Lair:3   | Reached ****** piety under Cheibriados
 16174 | Orc:1    | Entered Level 1 of the Orcish Mines
 16289 | Orc:1    | Found Saidd's Self-Improvement Boutique.
 16440 | Orc:2    | Entered Level 2 of the Orcish Mines
 16456 | Orc:2    | Found a burning altar of Makhleb.
 16463 | Orc:2    | Found a staircase to the Elven Halls.
 16537 | Orc:2    | Reached skill level 5 in Armour
 16543 | Orc:2    | Noticed an orc warlord
 16744 | Orc:1    | Mangled by an orc warlord

Illustrated notes

Levels and vault maps discovered:
D:3:      layout_loops_cross
D:4:      layout_basic, mainiacjoe_overflow_catwalk_spiral, dk_noncrumbling_4
D:5:      layout_gridville, lemuel_round_altar, biasface_ghost_orc_armoury,
          minmay_lizard_king
D:6:      layout_cave_pods, uniq_eustachio
D:7:      cheibrodos_two_vegetables, layout_basic, lemuel_temple_firewalk_b
D:8:      layout_loops_corners, nicolae_overflow_crystal_walls
D:9:      layout_gridville, nicolae_sextant, lightli_minifort, uniq_maurice
D:10:     layout_small_grid, gammafunk_temple_overflow_pools, serial_shops,
          shop, minmay_protected_statue, uniq_josephine, uniq_sonja
D:11:     layout_basic, lair_entry_dummy, serial_undead, serial_undead_e,
          serial_undead_b, serial_undead_a, serial_undead_a
D:12:     layout_basic, minmay_orc_entry_temple_small, fedhas_altar_2
D:13:     layout_gridville, minmay_fractal_squares_diagonal_5
D:14:     gammafunk_mikee_crab_dinner, layout_basic, ximxim_vaults_locker_room,
          minmay_staircase_windowed_large
Temple:   regret_index_temple_sphere_string
Lair:1:   layout_gridlike, gauntlet_entry_generic,
          grunt_forest_small_clearing_treed
Lair:2:   layout_cave_pods, minmay_snake_entry_six_corridors, special_room
          [special_room_bee]
Lair:3:   layout_roguey, minivault_23, eino_house_with_fridge
Orc:1:    layout_caves, nicolae_shop_self_help
Orc:2:    st_orc_congregation, layout_caves, basic_altar, serial_shops, shop,
          mines_bat_river

Skill      XL: |  1  2  3  4  5  6  7  8  9 10 11 12 13 |
---------------+----------------------------------------+-----
Axes           | 1 3 4 5 6 7 8 9 |  9.6
Evocations     | 4 5 |  5.7
Fighting       | 4 5 6 |  6.1
Dodging        | 4 5 6 7 9 |  9.1
Armour         | 2 3 5 |  5.2
Hexes          | 6 10 | 10.6
Spellcasting   | 2 4 5 6 |  6.0
Invocations    | 3 4 |  4.9
Unarmed Combat | 3 4 5 |  5.3
Transmutations | 1 3 |  3.5
Air Magic      | 3 4 |  4.9
Short Blades   | 3 6 |  6.4
Stealth        | 8 10 | 10.4
Translocations | 2 3 |  3.5

Action                   |  1- 3 |  4- 6 |  7- 9 | 10-12 | 13-15 || total
-------------------------+-------+-------+-------+-------+-------++-------
Melee: Unarmed           |     7 |       |       |       |       ||     7
       Hand axe          |     7 |    58 |   350 |   216 |       ||   631
       Bite              |     4 |     5 |    49 |   108 |    39 ||   205
       Punch             |       |       |     9 |    19 |     5 ||    33
       Dagger            |       |       |     2 |   226 |       ||   228
       Kick              |       |       |       |    57 |       ||    57
       Battleaxe         |       |       |       |    40 |    21 ||    61
       Rapier            |       |       |       |       |   163 ||   163
 Cast: Apportation       |       |       |       |     2 |       ||     2
       Invisibility      |       |       |       |    22 |     8 ||    30
Invok: Slouch            |       |       |       |       |     1 ||     1
 Abil: Exsanguinate      |     1 |       |       |       |       ||     1
       Revivify          |     1 |       |       |       |       ||     1
Evoke: Wand              |     6 |     6 |    21 |    19 |       ||    52
  Use: Potion            |     1 |     2 |     6 |     5 |       ||    14
       Scroll            |       |     1 |     9 |    14 |     1 ||    25
 Stab: Sleeping          |     1 |     4 |     6 |    12 |    13 ||    36
       Distracted        |       |       |       |     1 |       ||     1
       Invisible         |       |       |       |    63 |    38 ||   101
Armor: Leather armour    |     1 |    10 |    21 |       |       ||    32
       Troll leather arm |       |       |    69 |    68 |       ||   137
       Ring mail         |       |       |       |    76 |    52 ||   128
Dodge: Dodged            |     8 |    28 |   251 |   351 |   335 ||   973
